 Dungeon Crawl Stone Soup version 0.30-a0-279-g4b46babb21 (webtiles) character file.

Game seed: 15258297490573156776

485 themarg the Chopper (level 7, -4/60 HPs)
             Began as a Gnoll Chaos Knight on Oct 16, 2022.
             Was a Plaything of Xom.
             Slain by an ice beast (5 damage)
             ... on level 5 of the Dungeon.
             The game lasted 00:08:27 (3012 turns).

themarg the Chopper (Gnoll Chaos Knight)            Turns: 3012, Time: 00:08:28

Health: -4/60      AC:  7    Str: 13    XL:     7   Next: 13%
Magic:  10/10      EV: 10    Int: 11    God:    Xom [..*...]
Gold:   216        SH:  0    Dex: 12    Spells: 10/10 levels left

rFire   . . .      SeeInvis .    a - +0 hand axe (chaos)
rCold   . . .      Faith    .    (no shield)
rNeg    . . .      Spirit   .    r - +0 scale mail
rPois   .          Reflect  .    (no helmet)
rElec   .          Harm     .    j - scarf {+Inv}
rCorr   .          Rampage  .    (no gloves)
Will    .....                    (no boots)
Stlth   +.........               (no amulet)
HPRegen 0.30/turn                (no ring)
MPRegen 0.12/turn                (no ring)

@: about to teleport
A: fangs 1, strong nose, distributed training
a: Renounce Religion, Evoke Invisibility


You were on level 5 of the Dungeon.
You worshipped Xom.
You were a toy of Xom.
You visited 1 branch of the dungeon, and saw 5 of its levels.

You collected 216 gold pieces.

Inventory:

Hand Weapons
 a - a +0 hand axe of chaos (weapon)
 u - a +2 whip of electrocution
Missiles
 g - 46 stones
 n - 3 javelins
 o - 6 curare-tipped darts
 v - a boomerang
 D - 2 atropa-tipped darts
Armour
 b - a +2 leather armour
 j - a scarf of invisibility (worn)
 r - a +0 scale mail (worn)
Jewellery
 p - a ring of ice
Scrolls
 e - a scroll of teleportation
 f - a scroll of amnesia {unknown}
 k - 2 scrolls of magic mapping
 m - a scroll of brand weapon {unknown}
 t - a scroll of silence {unknown}
 x - 2 scrolls of poison {unknown}
 y - a scroll of butterflies {unknown}
 C - a scroll of identify
Potions
 d - a potion of degeneration {unknown}
 h - a potion of cancellation {unknown}
 i - a potion of flight {unknown}
 l - 2 potions of curing
 q - a potion of berserk rage {unknown}
 s - a potion of heal wounds {unknown}
 w - a potion of resistance {unknown}
 z - a potion of invisibility {unknown}
 A - a potion of lignification {unknown}
 B - a potion of brilliance {unknown}
Miscellaneous
 c - a piece from Xom's chessboard (15/15) (quivered)


   Skills:
 + Level 7.0 Fighting
 + Level 2.3 Short Blades
 + Level 2.3 Long Blades
 + Level 7.0 Axes
 + Level 2.3 Maces & Flails
 + Level 2.3 Polearms
 + Level 2.3 Staves
 + Level 2.3 Ranged Weapons
 + Level 2.3 Throwing
 + Level 5.2 Armour
 + Level 3.5 Dodging
 + Level 2.3 Stealth
 + Level 2.3 Shields
 + Level 2.3 Unarmed Combat
 + Level 2.3 Spellcasting
 + Level 1.9 Conjurations
 + Level 1.9 Hexes
 + Level 1.9 Summonings
 + Level 1.9 Necromancy
 + Level 1.9 Translocations
 + Level 1.9 Transmutations
 + Level 1.9 Fire Magic
 + Level 1.9 Ice Magic
 + Level 1.9 Air Magic
 + Level 1.9 Earth Magic
 + Level 1.9 Poison Magic
 + Level 2.6 Invocations
 + Level 2.3 Evocations


You had 10 spell levels left.
You didn't know any spells.
Your spell library contained the following spells:

 Spells                   Type           Power      Damage    Failure   Level
 Apportation              Tloc           10%        N/A       45%         1
 Magic Dart               Conj           20%        1d4       45%         1
 Sandblast                Erth           10%        2d5       45%         1
 Shock                    Conj/Air       20%        1d4       45%         1
 Summon Small Mammal      Summ           20%        N/A       45%         1
 Passwall                 Tmut/Erth      4%         N/A       61%         2
 Searing Ray              Conj           10%        2d4       61%         2
 Call Canine Familiar     Summ           5%         N/A       83%         3
 Stone Arrow              Conj/Erth      10%        3d7       83%         3
 Summon Guardian Golem    Hex/Summ       5%         N/A       83%         3
 Swiftness                Air            5%         N/A       83%         3
 Airstrike                Air            2%         2d(1-17)  99%         4
 Fulminant Prism          Conj/Hex       2%         3d6       99%         4
 Alistair's Intoxication  Tmut/Pois      3%         N/A       100%        5


Dungeon Overview and Level Annotations

Branches:
Dungeon (5/15)
 Temple: D:4-7

Altars:
Cheibriados
Hepliaklqana
Kikubaaqudgha
Nemelex Xobeh
Xom

Shops:
D:4 :


Innate Abilities, Weirdness & Mutations

You have very sharp teeth.
Your uncanny sense of smell can sniff out nearby items.
Your experience applies equally to all skills.


Message History

You hit the adder.
The adder seems to slow down.
You freeze the adder.
You kill the adder!
You feel sick.
You hit the orc.
The orc is poisoned.
The orc is heavily wounded.
You feel sick. The orc closely misses you.
You slash the orc!
You kill the orc!
You feel sick.
You hit the orc but do no damage.
You feel sick. The orc barely misses you.
You hit the orc but do no damage.
You feel sick.
You are no longer poisoned.
The orc hits you but does no damage.
You hit the orc but do no damage. You bite the orc, but do no damage.
The orc hits you with a +0 hand axe.
You closely miss the orc. Your bite misses the orc.
The orc hits you but does no damage.
You hit the orc.
Space warps horribly around the orc!
You kill the orc!
The ice beast hits you but does no damage.
Items here: ))) [[ †††.
You hit the ice beast.
The ice beast flickers and vanishes!
Deactivating autopickup; reactivate with Ctrl-A.
Something hits you but does no damage.
You hit something.
You melt something.
You bite something. Something hits you but does no damage.
You hit something but do no damage. You bite something. Something hits you.
Something freezes you!
You hit something.
Nothing appears to happen.
Something hits you. Something freezes you!
You hit something but do no damage. Something hits you but does no damage.
Something hits you. Something freezes you!
* * * LOW HITPOINT WARNING * * *
As you read the scroll of teleportation, it crumbles to dust.
You feel strangely unstable. Something hits you.
* * * LOW HITPOINT WARNING * * *
Something freezes you!
* * * LOW HITPOINT WARNING * * *
Something hits you.
You die...

#.#.>.......
#.##...#............
#.#...........#....
....#..#......#...
....#..#..........
..#.#..#..........
..#.#..#.........
..#...........######.###
..###..##.......@)o....#
.............#########.#
.####†.##.#..#
.......#.....# ######
..####.#.....####....#
..#.............'....#
..#.##.#.########....#,
#.#.##.#............## *
#.#.##.############## ,*
,


You could see an orc.

Vanquished Creatures
  A black bear (D:5)
  An ogre (D:5)
  A phantom (D:5)
  A scorpion (D:5)
  2 jellies (D:5)
  4 adders
  2 ufetubi (D:5)
  A dart slug (D:3)
  9 orcs
  2 ball pythons (D:3)
  6 endoplasms
  2 giant cockroaches (D:4)
  7 goblins
  5 hobgoblins
  4 quokkas
  4 bats
  A frilled lizard (D:3)
  8 kobolds
  3 rats
64 creatures vanquished.

Vanquished Creatures (others)
  A goblin zombie (D:3)
  A plant (D:2)
2 creatures vanquished.

Grand Total: 66 creatures vanquished

Notes
Turn   | Place    | Note
-------+----------+-------------------------------------------
     0 | D:1      | themarg the Gnoll Chaos Knight began the quest for the Orb.
     0 | D:1      | Reached XP level 1. HP: 23/23 MP: 1/1
   235 | D:1      | XOM: silly message
   238 | D:1      | Reached XP level 2. HP: 29/29 MP: 2/2
   761 | D:2      | XOM: potion effect (curing)
   764 | D:2      | Reached XP level 3. HP: 35/35 MP: 3/3
   893 | D:2      | XOM: 4-stop teleportation journey
  1064 | D:2      | XOM: noise
  1240 | D:2      | XOM is BORED!
  1245 | D:2      | XOM: silly message
  1462 | D:3      | Found a hazy altar of Hepliaklqana.
  1470 | D:3      | Reached skill level 1 in Invocations
  1526 | D:3      | Reached skill level 1 in Short Blades
  1526 | D:3      | Reached skill level 1 in Long Blades
  1526 | D:3      | Reached skill level 1 in Maces & Flails
  1526 | D:3      | Reached skill level 1 in Polearms
  1526 | D:3      | Reached skill level 1 in Staves
  1526 | D:3      | Reached skill level 1 in Ranged Weapons
  1526 | D:3      | Reached skill level 1 in Throwing
  1526 | D:3      | Reached skill level 1 in Stealth
  1526 | D:3      | Reached skill level 1 in Shields
  1526 | D:3      | Reached skill level 1 in Unarmed Combat
  1526 | D:3      | Reached skill level 1 in Spellcasting
  1526 | D:3      | Reached skill level 1 in Evocations
  1596 | D:3      | Reached XP level 4. HP: 33/41 MP: 5/5
  1781 | D:3      | Found a snail-covered altar of Cheibriados.
  1794 | D:3      | XOM: butterfly on damage
  2039 | D:4      | Found Orph's Book Shop.
  2104 | D:4      | Found an ancient bone altar of Kikubaaqudgha.
  2303 | D:4      | Found a shimmering altar of Xom.
  2456 | D:4      | Reached skill level 1 in Conjurations
  2456 | D:4      | Reached skill level 1 in Hexes
  2456 | D:4      | Reached skill level 1 in Summonings
  2456 | D:4      | Reached skill level 1 in Necromancy
  2456 | D:4      | Reached skill level 1 in Translocations
  2456 | D:4      | Reached skill level 1 in Transmutations
  2456 | D:4      | Reached skill level 1 in Fire Magic
  2456 | D:4      | Reached skill level 1 in Ice Magic
  2456 | D:4      | Reached skill level 1 in Air Magic
  2456 | D:4      | Reached skill level 1 in Earth Magic
  2456 | D:4      | Reached skill level 1 in Poison Magic
  2607 | D:5      | Entered Level 5 of the Dungeon
  2630 | D:5      | Noticed a scorpion
  2642 | D:5      | Killed a scorpion
  2643 | D:5      | Reached XP level 5. HP: 47/47 MP: 5/7
  2685 | D:5      | Noticed a phantom
  2691 | D:5      | XOM: divination: magic mapping
  2693 | D:5      | XOM: potion effect (invisibility)
  2694 | D:5      | XOM: confuse monster(s)
  2730 | D:5      | Killed a phantom
  2731 | D:5      | Reached XP level 6. HP: 21/53 MP: 8/8
  2771 | D:5      | Reached skill level 5 in Armour
  2795 | D:5      | Noticed a black bear
  2795 | D:5      | XOM: 1-stop teleportation journey
  2820 | D:5      | Killed a black bear
  2879 | D:5      | Found a sparkling altar of Nemelex Xobeh.
  2879 | D:5      | XOM: 2-stop teleportation journey
  2883 | D:5      | Reached XP level 7. HP: 60/60 MP: 10/10
  3011 | D:5      | HP: 1/60 [something (10)]
  3012 | D:5      | Slain by an ice beast

Illustrated notes

Levels and vault maps discovered:
D:1:      dpeg_arrival_simpleton_b, layout_rooms
D:2:      layout_loops_ring, serial_forest, infiniplex_forest_clump_small,
          infiniplex_forest_end_1, infiniplex_forest_3_way,
          infiniplex_forest_straight_2, infiniplex_forest_corner_2,
          infiniplex_forest_straight_2, infiniplex_forest_end_2,
          infiniplex_forest_end_2
D:3:      layout_rooms, slow_altar_2, mainiacjoe_overflow_small_starburst,
          minmay_misc_feat_tower
D:4:      layout_basic, mainiacjoe_overflow_catwalk,
          mainiacjoe_overflow_six_doors_small, serial_shops,
          nicolae_shop_behind_doors, hangedman_decor_clover_reticule,
          kennysheep_generic_room_13
D:5:      layout_basic, mainiacjoe_overflow_concentric_impassable,
          minmay_misc_feat_chi, minmay_between

Skill      XL: |  1  2  3  4  5  6 |
---------------+-------------------+-----
Invocations    | 1 2 |  2.6
Short Blades   | 1 2 |  2.3
Long Blades    | 1 2 |  2.3
Maces & Flails | 1 2 |  2.3
Polearms       | 1 2 |  2.3
Staves         | 1 2 |  2.3
Ranged Weapons | 1 2 |  2.3
Throwing       | 1 2 |  2.3
Stealth        | 1 2 |  2.3
Shields        | 1 2 |  2.3
Unarmed Combat | 1 2 |  2.3
Spellcasting   | 1 2 |  2.3
Evocations     | 1 2 |  2.3
Conjurations   | 1 |  1.9
Hexes          | 1 |  1.9
Summonings     | 1 |  1.9
Necromancy     | 1 |  1.9
Translocations | 1 |  1.9
Transmutations | 1 |  1.9
Fire Magic     | 1 |  1.9
Ice Magic      | 1 |  1.9
Air Magic      | 1 |  1.9
Earth Magic    | 1 |  1.9
Poison Magic   | 1 |  1.9
Dodging        | 3 |  3.5
Armour         | 5 |  5.2
Fighting       | 7 |  7.0
Axes           | 7 |  7.0

Action                   |  1- 3 |  4- 6 |  7- 9 || total
-------------------------+-------+-------+-------++-------
Melee: Hand axe          |   102 |   116 |    36 ||   254
       Bite              |     9 |    16 |     6 ||    31
       Punch             |       |     3 |     1 ||     4
  Use: Scroll            |       |     3 |     1 ||     4
 Stab: Invisible         |       |     5 |       ||     5
       Sleeping          |       |     1 |       ||     1
Armor: Leather armour    |    16 |       |       ||    16
       Scale mail        |     9 |    52 |    21 ||    82
Dodge: Dodged            |    34 |    45 |    15 ||    94

Table legend: (Time is in decaauts)
 A = Elapsed time spent in this place.
 B = Non-inter-level travel time spent in this place.
 C = Inter-level travel time spent in this place.
 D = Time resting spent in this place.
 E = Time spent auto-exploring this place.
 F = Levels seen in this place.
 G = Mean time per level.
                   A        B        C        D        E       F      G
               +--------+--------+--------+--------+--------+-----+--------+
         Total |   3003 |   2893 |    110 |    117 |   2081 |   5 |  600.6 |
       Dungeon |   3003 |   2893 |    110 |    117 |   2081 |   5 |  600.6 |
               +--------+--------+--------+--------+--------+-----+--------+

Top non-repeatable levels by time:
     D:2: 1083 daAuts
     D:4: 607 daAuts
     D:3: 455 daAuts
     D:1: 455 daAuts
     D:5: 400 daAuts
